 Dungeon Crawl Stone Soup version 0.29-a0-344-ge2f44be95a (webtiles) character file.

Game seed: 7283122785201190406

343 spaghetti the Covered (level 6, -1/55 HPs)
             Began as a Deep Dwarf Fighter on Apr 21, 2022.
             Killed from afar by a steam dragon (17 damage)
             ... with a ball of steam
             ... on level 5 of the Dungeon.
             The game lasted 00:08:26 (2654 turns).

spaghetti the Covered (Deep Dwarf Fighter)          Turns: 2654, Time: 00:08:26

Health: -1/55      AC:  8    Str: 22    XL:     6   Next: 31%
Magic:  6/6        EV:  9    Int:  8    God:
Gold:   136        SH:  4    Dex: 12    Spells: 5/5 levels left

rFire   . . .      SeeInvis .   a - +0 trident {polearm}
rCold   . . .      Faith    .   c - +0 buckler
rNeg    . . .      Spirit   .   b - +0 scale mail
rPois   +          Reflect  .   (no helmet)
rElec   .          Harm     .   (no cloak)
rCorr   +          Rampage  .   (no gloves)
Will    .....                   (no boots)
Stlth   ..........              (no amulet)
HPRegen 0.00/turn               o - ring of poison resistance
MPRegen 0.10/turn               d - ring of resist corrosion

@: no status effects
A: damage resistance, heal wounds, sense surroundings 1, no regeneration
a: Heal Wounds


You were on level 5 of the Dungeon.
You visited 1 branch of the dungeon, and saw 5 of its levels.
You also visited: Sewer.

You collected 136 gold pieces.


Innate Abilities, Weirdness & Mutations

You are resistant to damage.
You can heal yourself by infusing magical energy.
You passively map a small area around you.
You do not regenerate.


   Skills:
 - Level 2.6 Fighting
 - Level 1.7 Polearms
 + Level 7.9 Armour
 - Level 3.2 Shields


You had 5 spell levels left.
You didn't know any spells.
Your spell library contained the following spells:

 Spells                   Type           Power      Damage    Failure   Level
 Sublimation of Blood     Necr           0%         N/A       90%         2
 Petrify                  Tmut/Erth      0%         N/A       100%        4
 Irradiate                Conj/Tmut      0%         3d13      100%        5

Inventory:

Hand Weapons
 a - a +0 trident (weapon) {polearm}
Missiles
 e - 10 atropa-tipped darts {throwing}
 f - 39 stones (quivered) {throwing}
 i - 14 poisoned darts {throwing}
Armour
 b - a +0 scale mail (worn)
 c - a +0 buckler (worn)
Jewellery
 d - a ring of resist corrosion (right hand)
   (You found it on level 3 of the Dungeon)
 o - a ring of poison resistance (left hand)
   (You found it on level 2 of the Dungeon)
Wands
 s - a wand of digging (6)
   (You found it on level 5 of the Dungeon)
Scrolls
 g - a scroll of silence {!r}
 h - 2 scrolls of amnesia
 j - 3 scrolls of teleportation {@r4}
 k - a scroll of enchant armour
 l - a scroll of enchant weapon
 m - a scroll of magic mapping {!r}
 p - 2 scrolls of fog
 q - 2 scrolls of fear
 r - a scroll of immolation {unknown}
 t - 2 scrolls of torment {unknown}
Potions
 n - 2 potions of might

Dungeon Overview and Level Annotations

Branches:
Dungeon (4/15)              Sewer (visited)
 Temple: D:4-7

Altars:
Hepliaklqana

* * #.#
,..########.#
,
...........##
#####.....# *
, #.###.# *
#.# #.# * *
#.# #.#
#.#####.# #.#
#....D@.# #.#
*,,
###########.#
* .......#.#
** * ##...#
#...#######
#.#........ ,
,,
#...####### *
*, ##.## *
####.########
,


You could see a steam dragon (catching breath).


Message History

😨 HP[-1]
You take 1 damage, and now have 16/55 hp.
Unknown command.
You hit the scorpion but do no damage. The scorpion barely misses you.
You hit the scorpion. The scorpion stings you. The scorpion closely misses you.
You closely miss the scorpion. The scorpion stings you.
You puncture the scorpion!
You kill the scorpion!
You feel much better. 😮 HP[+25]
You regained 25 hp, and now have 41/55 hp.
You see here a scorpion corpse.
You are no longer poisoned.
f - 40 stones {throwing} (gained 11)
A dart slug comes into view.
A dart slug is nearby!
A dart slug is nearby!
You are too injured to fight recklessly!
You are too injured to fight recklessly!
You are too injured to fight recklessly!
Throw: 40 stones {throwing}
Press: ? - help, Q - select action, (/) - cycle Shift-Dir - straight line, f - dart slug
Aim: a dart slug (93% to hit)
You throw a stone {throwing}.
The stone {throwing} hits the dart slug.
Reach: a) +0 trident {polearm}
Press: ? - help, Dir - move target, f/p - dart slug
Aim: a dart slug (moderately wounded, about 7% to evade your +0 trident)
You reach to attack!
You puncture the dart slug!
You kill the dart slug!
s - a wand of digging (6)
Okay, then.
t - 2 scrolls labelled LUHOCS DIFAWKO
i - 14 poisoned darts {throwing} (gained 6)
A steam dragon comes into view.
The steam dragon hisses angrily.
The steam dragon breathes steam at you. The ball of steam misses you.
The steam dragon moves out of view.
You're standing in a cloud of steam!
You start waiting.
The steam dragon breathes steam at you. The ball of steam hits you. 😮 HP[-3]
You take 3 damage, and now have 38/55 hp.
You are engulfed in a cloud of scalding steam. 😮 HP[-1]
You take 1 damage, and now have 37/55 hp.
You hit the steam dragon. The steam dragon bites you.
The steam dragon claws you. 😮 HP[-2]
You take 2 damage, and now have 35/55 hp.
You closely miss the steam dragon.
You are engulfed in a cloud of scalding steam.
The steam dragon barely misses you. x2 😮 HP[-3]
You take 3 damage, and now have 32/55 hp.
You puncture the steam dragon! The steam dragon bites you.
The steam dragon barely misses you. The steam dragon breathes steam at you.
The ball of steam hits you!
* * * LOW HITPOINT WARNING * * *
You hear an angry hiss.
You hear a bark! 😨 HP[-12]
You take 12 damage, and now have 20/55 hp.
MASSIVE DAMAGE!! (PAUSE)
You feel much better. The steam dragon bites you.
The steam dragon claws you but does no damage. 😕 HP[+24]
You regained 24 hp, and now have 44/55 hp.
Unknown command.
Unknown command.
You puncture the steam dragon! The steam dragon barely misses you.
The steam dragon claws you but does no damage.
You hit the steam dragon. The steam dragon breathes steam at you.
The ball of steam hits you! 😮 HP[-8]
You take 8 damage, and now have 36/55 hp.
You puncture the steam dragon!
You are engulfed in a cloud of scalding steam.
* * * LOW HITPOINT WARNING * * *
You block the steam dragon's attack.
The steam dragon closely misses you. 😨 HP[-9]
You take 9 damage, and now have 27/55 hp.
You hit the steam dragon but do no damage.
You are engulfed in a cloud of scalding steam.
* * * LOW HITPOINT WARNING * * *
The steam dragon bites you.
* * * LOW HITPOINT WARNING * * *
The steam dragon closely misses you.
The steam dragon bites you but does no damage.
You block the steam dragon's attack. 😨 HP[-7]
You take 7 damage, and now have 20/55 hp.
You hit the steam dragon but do no damage.
You are engulfed in a cloud of scalding steam.
* * * LOW HITPOINT WARNING * * *
The steam dragon breathes steam at you. The ball of steam hits you!!
You die...

Skill      XL: |  1  2  3  4  5 |
---------------+----------------+-----
Armour         | 4 5 6 7 |  7.9
Fighting       | |  2.6
Polearms       | |  1.7
Shields        | |  3.2

Action                   |  1- 3 |  4- 6 || total
-------------------------+-------+-------++-------
Melee: Trident           |   114 |   151 ||   265
Throw: Stone             |    29 |     9 ||    38
       Dart              |       |    10 ||    10
 Abil: Heal Wounds       |     1 |     4 ||     5
  Use: Potion            |     5 |     2 ||     7
       Scroll            |     6 |     5 ||    11
Armor: Scale mail        |    44 |    59 ||   103
Dodge: Dodged            |    56 |    82 ||   138
Block: Buckler           |    19 |    33 ||    52

Levels and vault maps discovered:
D:1:      amcnicky_arrival_flooded_fountain, layout_loops_cross,
          shapermc_ecumenical_altar_flowoftime
D:2:      layout_basic, chequers_serial_rivers_micro_c
D:3:      layout_rooms, portal_sewer_entry_d, hangedman_abyss_or_decor_stabs
D:4:      layout_rooms, mainiacjoe_overflow_paths
D:5:      layout_loops_ring, nicolae_gozag_zags_fifth_avenue,
          minmay_temple_entry_fiery

Notes
Turn   | Place    | Note
-------+----------+-------------------------------------------
     0 | D:1      | spaghetti the Deep Dwarf Fighter began the quest for the
                  | Orb.
     0 | D:1      | Reached XP level 1. HP: 20/20 MP: 1/1
     0 | D:1      | magus.rc [v1.9.6]
   255 | D:1      | Reached skill level 4 in Armour
   255 | D:1      | Reached XP level 2. HP: 27/27 MP: 2/2
   327 | D:1      | You pick up a book of Alchemy and begin reading...
   327 | D:1      | You add the spells Sublimation of Blood, Petrify and
                  | Irradiate to your library.
   423 | D:1      | Found a faded altar of an unknown god.
   874 | D:2      | Reached XP level 3. HP: 29/33 MP: 3/3
  1213 | D:2      | Reached skill level 5 in Armour
  1718 | D:3      | Noticed a sky beast
  1755 | D:3      | Reached XP level 4. HP: 33/40 MP: 4/4
  1784 | D:3      | HP: 10/40 [sky beast (3)]
  1789 | D:3      | Killed a sky beast
  1790 | D:3      | Reached skill level 6 in Armour
  1790 | D:3      | Reached XP level 5. HP: 38/46 MP: 5/5
  1957 | D:3      | Reached skill level 7 in Armour
  2110 | D:3      | Found a glowing drain.
  2126 | Sewer    | Entered a sewer
  2169 | Sewer    | HP: 11/45 [hell rat (1)]
  2354 | D:4      | Found a hazy altar of Hepliaklqana.
  2455 | D:4      | Reached XP level 6. HP: 19/55 MP: 6/6
  2518 | D:4      | You fall into a shaft and drop 1 floor!
  2518 | D:5      | Entered Level 5 of the Dungeon
  2640 | D:5      | Noticed a steam dragon
  2654 | D:5      | Killed from afar by a steam dragon

Vanquished Creatures
  A sky beast (D:3)
  A scorpion (D:5)
  A hound (D:3)
  A hell rat (Sewer)
  4 adders
  A river rat (Sewer)
  4 worms
  2 dart slugs
  2 orcs
  2 bats
  5 endoplasms
  2 giant cockroaches
  A hobgoblin (D:1)
  11 jackals
  3 quokkas
  6 ball pythons
  4 frilled lizards
  8 goblins
  4 kobolds
  5 rats
68 creatures vanquished.

Vanquished Creatures (collateral kills)
  A dart slug (D:4)
  An endoplasm (D:4)
  A quokka (D:4)
3 creatures vanquished.

Vanquished Creatures (others)
  2 withered plants (D:1)
2 creatures vanquished.

Grand Total: 73 creatures vanquished

Table legend:
 A = Non-vault XP
 B = Vault XP
 C = Vault XP percentage of total XP
 D = Non-vault monster count
 E = Vault monster count
 F = Vault count percentage of total count
                 A         B        C        D         E       F
            +---------+---------+-------+---------+---------+-------
      Total |     429 |      61 |  12.4 |      65 |       6 |   8.5
            +---------+---------+-------+---------+---------+-------
        D:1 |      26 |       0 |   0.0 |      14 |       0 |   0.0
        D:2 |      57 |       0 |   0.0 |      17 |       0 |   0.0
        D:3 |     226 |      13 |   5.4 |      21 |       1 |   4.5
        D:4 |      24 |       0 |   0.0 |       9 |       0 |   0.0
        D:5 |      96 |       0 |   0.0 |       4 |       0 |   0.0
      Sewer |       0 |      48 | 100.0 |       0 |       5 | 100.0
            +---------+---------+-------+---------+---------+-------

Illustrated notes

Table legend:
 A = Kills in this place as a percentage of kills in entire the game.
 B = Kills by you in this place as a percentage of kills by you in the entire game.
 C = Kills by friends in this place as a percentage of kills by friends in the entire game.
 D = Other kills in this place as a percentage of other kills in the entire game.
 E = Experience gained in this place as a percentage of experience gained in the entire game.
 F = Experience gained in this place divided by the number of levels of this place that you have seen.
                   A       B       C       D       E      F
               +-------+-------+-------+-------+-------+----------------------
         Total | 100.0 | 100.0 | 100.0 |   N/A | 100.0 |  81.7
       Dungeon |  93.0 |  92.6 | 100.0 |   N/A |  90.2 |  88.4
         Sewer |   7.0 |   7.4 |   0.0 |   N/A |   9.8 |  48.0
               +-------+-------+-------+-------+-------+----------------------

Table legend: (Time is in decaauts)
 A = Elapsed time spent in this place.
 B = Non-inter-level travel time spent in this place.
 C = Inter-level travel time spent in this place.
 D = Time resting spent in this place.
 E = Time spent auto-exploring this place.
 F = Levels seen in this place.
 G = Mean time per level.
                   A        B        C        D        E       F      G
               +--------+--------+--------+--------+--------+-----+--------+
         Total |   2753 |   2527 |    226 |      2 |   1773 |   6 |  458.8 |
       Dungeon |   2613 |   2387 |    226 |      2 |   1734 |   5 |  522.6 |
         Sewer |    139 |    139 |      0 |      0 |     39 |   1 |  139.0 |
               +--------+--------+--------+--------+--------+-----+--------+

Top non-repeatable levels by time:
     D:2: 944 daAuts
     D:1: 763 daAuts
     D:3: 619 daAuts
     D:4: 143 daAuts
     D:5: 143 daAuts
   Sewer: 139 daAuts
